AoeStats
← b站江条

Arabia

508820117Analyzed
1v1 RM · 7d ago on Sep 24, 2026· 38m 44s· 2 players
Game mode
Random Map
Map size
Tiny (2 player)
Population
200
Speed
Normal
Resources
Standard
Victory
Conquest
Starting age
Dark Age
Ending age
Imperial Age
RankedLock teamsTeams togetherTeam positionsShared explorationLock speedFull tech treeHidden civsTurbo modeCheats
Victory
Defeat
🇫🇷 Khmer · France
1418
+16
🇨🇳 Maya · China
1408
-16
b站江条
0:26 Loom
10:08 Feudal Age
15:31 Double-Bit Axe
17:23 Fletching
21:41 Castle Age
21:36 Padded Archer Armor
23:04 Wheelbarrow
21:51 Crossbowman
22:55 Bow Saw
22:57 Bodkin Arrow
24:39 Gold Mining
29:12 Leather Archer Armor
30:05 Scale Mail Armor
29:54 Eagle Warrior
31:11 Chain Mail Armor
32:06 Squires
34:28 Horse Collar
39:42 Imperial Age
36:55 Eagle Warrior
38:19 Forging
39:10 Hand Cart
Jean-Cloud
7:13 Loom
10:09 Feudal Age
11:06 Double-Bit Axe
12:29 Horse Collar
19:38 Scale Barding Armor
21:41 Fletching
24:45 Castle Age
24:11 Bloodlines
24:34 Gold Mining
25:18 Elite Skirmisher
25:24 Light Cavalry
27:22 Padded Archer Armor
28:07 Chain Barding Armor
29:05 Bow Saw
30:12 Bodkin Arrow
34:08 Leather Archer Armor
34:42 Forging
37:02 Heavy Plow
37:45 Gold Shaft Mining
37:39 Redemption
Connection lost

Rejoining the realm…

Still unreachable

The connection could not be restored.

Session expired

The server has moved on; the page needs a fresh start.